[Event "Early-Titled-Tuesday-Blitz-May-28-2024"]
[Site "Chess.com"]
[Date "2024.05.28"]
[Round "2"]
[White "TigrVShlyape"]
[Black "kecalk"]
[Result "1/2-1/2"]
[WhiteElo "2904"]
[BlackElo "2550"]
[TimeControl "180+1"]
[EndTime "8:18:24 PDT"]
[Termination "Game drawn by repetition"]

1. e4 e5 2. Nf3 Nc6 3. Bb5 a6 4. Ba4 Nf6 5. O-O b5 6. Bb3 Bc5 7. c3 d6 8. d4 Bb6 9. h3 Bb7 10. Re1 O-O 11. Be3 h6 12. Nbd2 Re8 13. d5 Ne7 14. Bxb6 cxb6 15. Nf1 Ng6 16. Bc2 Bc8 17. Ne3 Bd7 18. Nh2 Nf4 19. h4 g6 20. g3 N4h5 21. Bd3 Ng7 22. Qe2 Rf8 23. Kh1 Nfh5 24. Neg4 f5 25. exf5 gxf5 26. Nxh6+ Kh7 27. N6g4 e4 28.
Bc2 fxg4 29. Bxe4+ Kg8 30. Nxg4 Bxg4 31. Qxg4 Rxf2 32.
Kg1 Qf6 33. Rf1 Rf8 34. Bd3 Rf3 35. Kh2 Rf2+ 36. Kg1 Rf3 37. Kh2 Rf2+ 38. Kg1 1/2-1/2

[Event "Early-Titled-Tuesday-Blitz-May-28-2024"]
[Site "Chess.com"]
[Date "2024.05.28"]
[Round "2"]
[White "Flawless_Fighter"]
[Black "ViktoriyaTarasova"]
[Result "1-0"]
[WhiteElo "2706"]
[BlackElo "2359"]
[TimeControl "180+1"]
[EndTime "8:18:25 PDT"]
[Termination "Flawless_Fighter won by resignation"]

1. Nf3 Nf6 2. d4 e6 3. Bf4 d5 4. e3 c5 5. Nbd2 Bd6 6. dxc5 Bxc5 7. c4 O-O 8. Rc1 Be7 9. a3 Nc6 10. cxd5 Nxd5 11. Bg3 Bd7 12. Bd3 Bf6 13. Qc2 h6 14. Ne4 Be7 15. O-O Rc8 16. Qe2 Na5 17. b4 Nc6 18. Nd6 Bxd6 19. Bxd6 Re8 20. e4 Nf6 21. Rfd1 Qb6 22. Bb1 a6 23. e5 Nd5 24. Qe4 g6 25. Qh4 Kg7 26. Rxd5 exd5 27. Qf6+ Kg8 28. h4 Re6 29. Qf4 Kg7 30. h5 Na7 31. Bc5 Qc7 32.
hxg6 fxg6 33. Be3 Rc6 34. Qxh6+ Kf7 35. Ng5+ Ke7 36. Qg7+ Ke8 37. Qf7+ Kd8 38. Rxc6 Qxc6 39. Bxg6 Nb5 40. e6 Be8 41. Bb6+ Nc7 42. e7+ Kd7 43. Bf5+ Kd6 44. Qf6+ 1-0

[Event "Early-Titled-Tuesday-Blitz-May-28-2024"]
[Site "Chess.com"]
[Date "2024.05.28"]
[Round "2"]
[White "janhelmer03"]
[Black "dozer80"]
[Result "0-1"]
[WhiteElo "2405"]
[BlackElo "2707"]
[TimeControl "180+1"]
[EndTime "8:18:25 PDT"]
[Termination "dozer80 won on time"]

1. Nf3 d5 2. e3 c5 3. b3 a6 4. Bb2 Nc6 5. d4 Bg4 6. dxc5 e6 7. Nbd2 Nf6 8. Be2 Bxc5 9. O-O O-O 10.
c4 Qe7 11. h3 Bh5 12. cxd5 exd5 13. a3 Rfd8 14. b4 Ba7 15. Nb3 Ne4 16. Nbd4 Bxf3 17. Bxf3 Ne5 18. Nf5 Qe6 19. Nd4 Qe8 20. Be2 Nc4 21.
Ra2 Nxb2 22. Rxb2 Rac8 23. Bd3 Rc3 24. Rb3 Bxd4 25. exd4 Rxb3 26. Qxb3 Nd2 27. Bxh7+ Kh8 28. Qd1 Nxf1 29. Qh5 Ng3 30. fxg3 Qe3+ 31. Kh2 Qh6 32.
Qxh6 gxh6 33. Bf5 Re8 34. g4 Re3 35. Bc8 Re7 36. Kg3 Rc7 37. Bf5 Kg7 38. Kf4 Kf6 39. h4 Re7 40. g5+ hxg5+ 41. hxg5+ Kg7 42. g3 Kf8 43. g6 f6 44. g4 Kg7 45. g5 Rc7 46. gxf6+ Kxf6 47. Bd3 Rc3 48. Bf5 Rc4 49. Bc8 Rxc8 0-1

[Event "Early-Titled-Tuesday-Blitz-May-28-2024"]
[Site "Chess.com"]
[Date "2024.05.28"]
[Round "2"]
[White "Bauman_Guy"]
[Black "SharapovEvgeny"]
[Result "1-0"]
[WhiteElo "2923"]
[BlackElo "2610"]
[TimeControl "180+1"]
[EndTime "8:18:26 PDT"]
[Termination "Bauman_Guy won by resignation"]

1. e4 c5 2. Nf3 d6 3. d4 cxd4 4. Nxd4 Nf6 5. Nc3 Nc6 6. Bg5 e6 7. Bb5 Bd7 8. Bxc6 bxc6 9. Qf3 c5 10. Nb3 Be7 11. O-O-O Rb8 12. e5 dxe5 13. Bxf6 gxf6 14. Ne4 c4 15. Nbc5 Qb6 16. Rxd7 Qxb2+ 17. Kd2 f5 18. Nd6+ Bxd6 19. Rxd6 Qb4+ 20. Ke2 Qxc5 21. Rhd1 O-O 22. Qg3+ Kh8 23. Qg5 Rb2 24. Qf6+ Kg8 25. Qg5+ Kh8 26. Qh4 Rxc2+ 27. Kf1 f6 28. Rd7 Qxf2+ 29.
Qxf2 Rxf2+ 30. Kxf2 Rc8 31. Re7 c3 32. Rxe6 c2 33. Rc1 Kg7 34. Ra6 Rc7 35. Ke3 Kg6 36.
Kd3 e4+ 37. Kd2 f4 38. Rxc2 e3+ 39. Kd3 Rd7+ 40. Ke2 1-0

[Event "Early-Titled-Tuesday-Blitz-May-28-2024"]
[Site "Chess.com"]
[Date "2024.05.28"]
[Round "2"]
[White "Aygehovit1992"]
[Black "rhungaski"]
[Result "1-0"]
[WhiteElo "2821"]
[BlackElo "2568"]
[TimeControl "180+1"]
[EndTime "8:18:26 PDT"]
[Termination "Aygehovit1992 won by checkmate"]

1. e4 e6 2. d4 d5 3. Nc3 Bb4 4. Ne2 dxe4 5. a3 Be7 6. Nxe4 Nf6 7. Nxf6+ Bxf6 8. Be3 Nc6 9. Qd3 b6 10. O-O-O Bb7 11. Rg1 Qd7 12. g4 h6 13. f4 O-O-O 14.
Bg2 g6 15. Kb1 Bg7 16. f5 exf5 17. gxf5 g5 18. Rgf1 Bf6 19. Ng3 Rde8 20. Ne4 Bd8 21. Bg1 Kb8 22. Qb3 Na5 23. Qd3 h5 24. b4 Nc4 25. Nc5 bxc5 26. Bxb7 cxb4 27. Qxc4 Kxb7 28. d5 Bf6 29. Rf3 a5 30. axb4 axb4 31.
Qxb4+ Kc8 32. Ra3 Qxf5 33. Qb5 Kd8 34. Ra8+ Ke7 35. Bc5# 1-0

[Event "Early-Titled-Tuesday-Blitz-May-28-2024"]
[Site "Chess.com"]
[Date "2024.05.28"]
[Round "2"]
[White "Yeritsyaan"]
[Black "Massakru"]
[Result "1-0"]
[WhiteElo "2719"]
[BlackElo "2380"]
[TimeControl "180+1"]
[EndTime "8:18:26 PDT"]
[Termination "Yeritsyaan won by checkmate"]

1. b3 e5 2. Bb2 Nc6 3. e3 a6 4.
Nf3 d6 5. d4 exd4 6. Nxd4 Nxd4 7.
Qxd4 Nf6 8. Nc3 Be7 9. O-O-O Be6 10. Be2 O-O 11. g4 c5 12. Qf4 d5 13. g5 Ne8 14.
h4 b5 15. Qg3 Qc7 16. Nxd5 Bxd5 17. Rxd5 Qxg3 18. fxg3 Rc8 19. Rhd1 Nc7 20. Rd7 Rfe8 21. Bg4 Ne6 22. Bxe6 fxe6 23. Ra7 Ra8 24. Rdd7 Bf8 25.
Rxg7+ Bxg7 26. Rxg7+ Kf8 27. Rxh7 e5 28. h5 Kg8 29. g6 c4 30. Ba3 a5 31. Bd6 Rac8 32. Rf7 cxb3 33. axb3 Rc6 34. Bc7 Rc8 35. Bxa5 Rxc2+ 36. Kb1 Rc1+ 37. Kb2 R8c2+ 38. Ka3 Ra1+ 39.
Kb4 Rca2 40. Bc7 Ra7 41. h6 Rc1 42. h7+ Kh8 43. Bxe5# 1-0

[Event "Early-Titled-Tuesday-Blitz-May-28-2024"]
[Site "Chess.com"]
[Date "2024.05.28"]
[Round "2"]
[White "salomez"]
[Black "Likvidator228"]
[Result "1/2-1/2"]
[WhiteElo "2313"]
[BlackElo "2520"]
[TimeControl "180+1"]
[EndTime "8:18:26 PDT"]
[Termination "Game drawn by agreement"]

1. e4 d6 2. d4 Nf6 3. Nc3 Nbd7 4. Nf3 e5 5. Bc4 h6 6. a4 Be7 7. O-O c6 8. Re1 Qc7 9. h3 Nf8 10. b3 Ng6 11. Bf1 O-O 12. Kh2 exd4 13. Nxd4 d5+ 14.
g3 Nxe4 15. Nxe4 dxe4 16. Rxe4 Bf6 17. c3 Rd8 18. Qe1 Bd7 19. Ba3 c5 20. Nb5 Bxb5 21. axb5 b6 22. Bb2 Ne5 23. Bg2 Nd3 24. Qe2 Nxb2 25.
Qxb2 Rac8 26. Rea4 Qe5 27. Rxa7 Qxc3 28. Qxc3 Bxc3 29. Rc1 Bd4 30. Rc2 Re8 31. Bd5 Rf8 32. Re2 Rcd8 33. Bc4 Bf6 34. Kg2 Rd6 35. Rxf7 Rxf7 36.
Re8+ Kh7 37. Bxf7 Rd2 38. Bc4 Bd4 39. Re2 Rxe2 40. Bxe2 g5 41. Bd3+ 1/2-1/2

[Event "Early-Titled-Tuesday-Blitz-May-28-2024"]
[Site "Chess.com"]
[Date "2024.05.28"]
[Round "2"]
[White "GroovyKettle"]
[Black "JiaHaoxiang"]
[Result "0-1"]
[WhiteElo "2960"]
[BlackElo "2630"]
[TimeControl "180+1"]
[EndTime "8:18:27 PDT"]
[Termination "JiaHaoxiang won by resignation"]

1. g3 c5 2. Nf3 b6 3. Bg2 Bb7 4. O-O Nf6 5. d3 e6 6. c4 Be7 7. e4 O-O 8. Nc3 Nc6 9. Re1 d6 10. a3 Ne5 11. Rb1 Nxf3+ 12. Bxf3 Nd7 13. b4 Bf6 14.
Bb2 Ne5 15. Bg2 Nc6 16. f4 Nd4 17. bxc5 dxc5 18. e5 Bxg2 19. Kxg2 Be7 20. Ne2 Nf5 21. Qd2 Qd7 22. Nc3 Rfd8 23. Rbd1 Rab8 24. Qe2 a6 25. Ne4 b5 26. cxb5 axb5 27. Qg4 Qd5 28. Kh3 Qb3 29. Rb1 Qxd3 30. Nf6+ Bxf6 31. exf6 g6 32. Be5 Rbc8 33. Red1 Qxa3 34. Rxd8+ Rxd8 35. Rxb5 Qd3 36. Rb2 Qf1+ 37.
Rg2 Rd2 38. Qf3 Qxf3 39. Rxd2 Qf1+ 40. Kg4 Nd4 0-1

[Event "Early-Titled-Tuesday-Blitz-May-28-2024"]
[Site "Chess.com"]
[Date "2024.05.28"]
[Round "2"]
[White "KubaGepard"]
[Black "mind1mover"]
[Result "0-1"]
[WhiteElo "2572"]
[BlackElo "2849"]
[TimeControl "180+1"]
[EndTime "8:18:29 PDT"]
[Termination "mind1mover won by checkmate"]

1. d4 d5 2. Nf3 Nc6 3. g3 Bf5 4. Bg2 Nb4 5. Na3 e6 6. c3 Nc6 7.
Qa4 Bxa3 8. Qxa3 Be4 9. O-O Nge7 10. Bh3 Bf5 11. Bg2 Be4 12. Bh3 O-O 13. Nd2 Bg6 14. Bg2 e5 15. dxe5 Nxe5 16. Qb3 a5 17. a4 Ra6 18. e4 Rb6 19. Qc2 dxe4 20. Nxe4 Qd3 21. Qxd3 Nxd3 22. Rd1 Nxc1 23. Raxc1 Rxb2 24. Rd7 Re8 25. Rcd1 h6 26. Nc5 Nf5 27. Rxc7 Ree2 28. Bxb7 Bh5 29. Rd8+ Kh7 30. Nd3 Rbd2 31. Rcc8 Rd1+ 32.
Kg2 Ne3+ 33. Kh3 Bg4+ 34. Kh4 g5# 0-1

[Event "Early-Titled-Tuesday-Blitz-May-28-2024"]
[Site "Chess.com"]
[Date "2024.05.28"]
[Round "2"]
[White "ljuks68"]
[Black "Pintacara"]
[Result "0-1"]
[WhiteElo "2385"]
[BlackElo "2643"]
[TimeControl "180+1"]
[EndTime "8:18:29 PDT"]
[Termination "Pintacara won on time"]

1. e4 c5 2. Nf3 e6 3. d4 cxd4 4. Nxd4 Nc6 5. Nc3 Qc7 6. Be3 a6 7. Qd2 Nf6 8. f3 b5 9. O-O-O Bb7 10. g4 h6 11. h4 Ne5 12. Kb1 d5 13. Bf4 b4 14.
Nce2 dxe4 15. fxe4 Nxe4 16. Qe1 Bd6 17. Rh3 Bd5 18. Nf5 exf5 19. Rxd5 fxg4 20. Re3 f5 21. Nd4 O-O 22. Nxf5 Rxf5 23. Rxe4 Raf8 24. Rdxe5 Bxe5 25. Bc4+ Kh8 26. Bxe5 Rxe5 27. Rxe5 Qxc4 28. Re2 g3 29. b3 Qg4 30. Rg2 Rf3 31. Qe8+ Kh7 32. h5 Rf1+ 33. Kb2 Qd4+ 0-1

[Event "Early-Titled-Tuesday-Blitz-May-28-2024"]
[Site "Chess.com"]
[Date "2024.05.28"]
[Round "2"]
[White "Timerkhanov"]
[Black "GMthekingindian"]
[Result "1-0"]
[WhiteElo "2709"]
[BlackElo "2367"]
[TimeControl "180+1"]
[EndTime "8:18:30 PDT"]
[Termination "Timerkhanov won by resignation"]

1. d4 d5 2. Nf3 Nf6 3. g3 Bf5 4. Bg2 e6 5. O-O h6 6. c4 c6 7. Nc3 Be7 8. b3 O-O 9. Bb2 a5 10. Nd2 Nbd7 11. a3 Rc8 12. e4 dxe4 13. Ndxe4 Nxe4 14. Nxe4 Nf6 15. Qe2 Qb6 16. Nxf6+ Bxf6 17. Qe3 Qa6 18.
Rfc1 Rfd8 19. b4 axb4 20. axb4 Qb6 21. c5 Qxb4 22. Bc3 Qb5 23. Bf1 Qb3 24. Ra7 b6 25.
Rb7 Rb8 26. Rc7 bxc5 27. dxc5 Bxc3 28. Rxc3 Qa4 29. Rc1 Rbc8 30. Rb7 Rb8 31. Rxb8 Rxb8 32. Bg2 Rb2 33. h3 Qb5 34. g4 Bg6 35. Kh2 Kh7 36. h4 Qb8+ 37. Kg1 Rb1 38. h5 Rxc1+ 39. Qxc1 Bd3 40. Bxc6 Qb4 41. Bf3 Ba6 42. c6 Bc8 43.
c7 Qd6 44. Qc2+ g6 45. Kg2 Kg7 46. hxg6 fxg6 47. Qc3+ Kf7 48. Be4 g5 49. Qh8 Qxc7 50.
Qh7+ Kf6 51. Qxc7 1-0

[Event "Early-Titled-Tuesday-Blitz-May-28-2024"]
[Site "Chess.com"]
[Date "2024.05.28"]
[Round "2"]
[White "sammartin99"]
[Black "Casper"]
[Result "0-1"]
[WhiteElo "2286"]
[BlackElo "2514"]
[TimeControl "180+1"]
[EndTime "8:18:30 PDT"]
[Termination "Casper won on time"]

1. d4 d5 2. c4 Nf6 3. cxd5 Nxd5 4. e4 Nb6 5. Nc3 e5 6. d5 Bc5 7. Nf3 O-O 8. Be2 c6 9. O-O Re8 10. Be3 Bxe3 11. fxe3 Bg4 12. Qb3 Qd6 13. Rac1 Qh6 14. Nd1 cxd5 15. exd5 N8d7 16. h3 Bxf3 17. Bxf3 e4 18.
Be2 Nf6 19. d6 Rad8 20. Rc7 Qg6 21. Rxb7 Rxd6 22. Rxa7 Nbd7 23. Nf2 Rb8 24. Qa3 Rd2 25. Bg4 Ne5 26. Qe7 Nc6 27. Qc7 Nd5 0-1

[Event "Early-Titled-Tuesday-Blitz-May-28-2024"]
[Site "Chess.com"]
[Date "2024.05.28"]
[Round "2"]
[White "Azeryahu"]
[Black "Let_it_be_1"]
[Result "1-0"]
[WhiteElo "2938"]
[BlackElo "2610"]
[TimeControl "180+1"]
[EndTime "8:18:32 PDT"]
[Termination "Azeryahu won by resignation"]

1. e4 e6 2. d4 d5 3. exd5 exd5 4. Nf3 Nf6 5. Bd3 c5 6. O-O Nc6 7. Re1+ Be7 8. dxc5 O-O 9. Be3 Ng4 10. Qd2 Nxe3 11. Qxe3 Qa5 12. Nbd2 Bxc5 13. Qf4 Qb6 14. Qh4 h6 15.
Nb3 Bd6 16. c3 Bd7 17. Re2 Rae8 18. Rae1 a5 19. Nbd4 Rxe2 20. Rxe2 Re8 21. Rxe8+ Bxe8 22. Nf5 Ne5 23. Nxe5 Bxe5 24. Qe7 Qe6 25. Qxb7 Bf6 26. Kf1 g6 27. Nd4 Bxd4 28. cxd4 Qg4 29. Be2 Qxd4 30. Qa8 Kf8 31. Qxa5 Qxb2 32. Qxd5 Qa1+ 33. Bd1 Ba4 34. Qa8+ Kg7 35. Qxa4 1-0

[Event "Early-Titled-Tuesday-Blitz-May-28-2024"]
[Site "Chess.com"]
[Date "2024.05.28"]
[Round "2"]
[White "Chessmissile07"]
[Black "Sondremelaa"]
[Result "1-0"]
[WhiteElo "2852"]
[BlackElo "2575"]
[TimeControl "180+1"]
[EndTime "8:18:32 PDT"]
[Termination "Chessmissile07 won by resignation"]

1. a3 e5 2. c4 Nf6 3. Nc3 g6 4. g3 Bg7 5. Bg2 O-O 6. d3 c6 7.
Nf3 Re8 8. O-O d6 9. Bg5 h6 10. Bxf6 Qxf6 11. Nd2 Be6 12. b4 Nd7 13. Rb1 Qe7 14.
b5 Rec8 15. bxc6 bxc6 16. Rb7 Qd8 17. Nde4 Bf8 18. d4 Bxc4 19. Rxd7 Qa5 20. d5 c5 21. Qc2 Rc7 22. Rxc7 Qxc7 23. Nd2 Ba6 24. Qa4 Bb7 25. Rb1 f5 26. Nc4 e4 27. Qa5 Qxa5 28.
Nxa5 Ba6 29. e3 Bg7 30. Nb5 Rb8 31. Bf1 Be5 32. Nc6 Rb7 33. a4 Kf7 34. Nxe5+ dxe5 35. Nd6+ 1-0

[Event "Early-Titled-Tuesday-Blitz-May-28-2024"]
[Site "Chess.com"]
[Date "2024.05.28"]
[Round "2"]
[White "urano56"]
[Black "FontVella8"]
[Result "1-0"]
[WhiteElo "2424"]
[BlackElo "2730"]
[TimeControl "180+1"]
[EndTime "8:18:32 PDT"]
[Termination "urano56 won on time"]

1. e4 c6 2. d4 d5 3. f3 Qb6 4.
Nc3 dxe4 5. fxe4 e5 6. Nf3 Bg4 7. Bc4 Bh5 8. g4 exd4 9. gxh5 dxc3 10. bxc3 Nf6 11. Ne5 Qc5 12. Bxf7+ Ke7 13. Qd4 Nbd7 14. Nxd7 Nxd7 15. Bb3 Qxh5 16. Be3 Rd8 17. O-O Nf6 18. Qxa7 Qg4+ 19. Kh1 Qxe4+ 20. Kg1 Qg4+ 21. Kh1 Nd5 22. Bc5+ Ke8 23. Rae1+ Be7 24. Bxe7 Nxe7 25. Qxb7 Rd7 26.
Qc8+ Rd8 27. Qxg4 1-0

[Event "Early-Titled-Tuesday-Blitz-May-28-2024"]
[Site "Chess.com"]
[Date "2024.05.28"]
[Round "2"]
[White "ValeriyGrinev"]
[Black "CarlosAlbornoz"]
[Result "0-1"]
[WhiteElo "2572"]
[BlackElo "2840"]
[TimeControl "180+1"]
[EndTime "8:18:33 PDT"]
[Termination "CarlosAlbornoz won by resignation"]

1. e4 c5 2. Nc3 e6 3. g3 Nc6 4.
Bg2 g6 5. d3 Bg7 6. Nge2 Nge7 7. Be3 Nd4 8. Qd2 d6 9. f4 O-O 10. Bf2 Rb8 11. Nxd4 cxd4 12. Ne2 e5 13. c3 dxc3 14.
bxc3 b6 15. a4 Bb7 16. O-O d5 17. fxe5 dxe4 18. Bd4 exd3 19. Nf4 Bxg2 20. Qxg2 Nf5 21. Qe4 Qd7 22. Qxd3 Rbd8 23. Rfd1 Rfe8 24. Qb5 Bxe5 25. Bxe5 Qxb5 26. axb5 Rxd1+ 27. Rxd1 Rxe5 28. c4 Ne3 29. Rd8+ Kg7 30. Rc8 Rc5 31. Rxc5 bxc5 32. Nd3 Nxc4 33. Nxc5 Nd6 34. Kf2 Nxb5 35. Ke3 f5 36. Kd3 Kf6 37. Kc4 Nd6+ 38. Kd5 Ne4 39. Nd7+ Kg5 40. Nf8 h5 41. Ke5 a5 42. Ne6+ Kg4 43. Nf4 a4 44. Nd5 a3 45.
Nb4 Nc3 46. Nc2 a2 47. Ne3+ Kh3 48. Nc2 Kxh2 49. Kf4 Kg2 50. Na1 Nd5+ 51. Kg5 Kxg3 52. Kxg6 h4 53. Kxf5 h3 54. Ke4 h2 55. Kxd5 h1=Q+ 56. Kc4 Qxa1 0-1

[Event "Early-Titled-Tuesday-Blitz-May-28-2024"]
[Site "Chess.com"]
[Date "2024.05.28"]
[Round "2"]
[White "DishonorOnYourCow"]
[Black "francyIM"]
[Result "1-0"]
[WhiteElo "2583"]
[BlackElo "2805"]
[TimeControl "180+1"]
[EndTime "8:18:34 PDT"]
[Termination "DishonorOnYourCow won by resignation"]

1. d4 Nf6 2. c4 g6 3. Nc3 Bg7 4. e4 d6 5. f4 Na6 6. Nf3 c5 7. d5 O-O 8. Bd3 e6 9. dxe6 Bxe6 10. f5 Bd7 11. O-O Bc6 12. Bg5 Re8 13. Nd5 Bxd5 14. exd5 Qb6 15. fxg6 fxg6 16. Qc1 Ne4 17. Bxe4 Rxe4 18.
Rb1 Rae8 19. Bh6 Bf6 20. Ng5 Bxg5 21. Qxg5 Qd8 22. Rf6 Qe7 23. Rbf1 Re1 24. Qf4 Rxf1+ 25. Qxf1 Nc7 26. h4 b5 27. h5 bxc4 28. hxg6 Nxd5 29.
Rf7 Qe1 30. Rf8+ Rxf8 31. Qxe1 hxg6 32. Qe6+ Rf7 33. Qxd5 1-0

[Event "Early-Titled-Tuesday-Blitz-May-28-2024"]
[Site "Chess.com"]
[Date "2024.05.28"]
[Round "2"]
[White "Bilan_Danila"]
[Black "mostafa_sakha"]
[Result "1-0"]
[WhiteElo "2540"]
[BlackElo "2323"]
[TimeControl "180+1"]
[EndTime "8:18:34 PDT"]
[Termination "Bilan_Danila won on time"]

1. d4 Nf6 2. Nf3 d5 3. c4 e6 4. Nc3 Be7 5. Bg5 h6 6. Bh4 O-O 7. e3 b6 8. cxd5 exd5 9. Bd3 Bb7 10. Ne5 Ne4 11. Bxe7 Qxe7 12. Qc2 Nxc3 13. bxc3 c5 14. O-O Nd7 15. f4 Nxe5 16. fxe5 f6 17. Rf5 Bc8 18. Rh5 Bg4 19. Rh4 f5 20. g3 Qe6 21. h3 g5 22.
hxg4 gxh4 23. gxf5 Qe7 24. f6 Rxf6 25. exf6 Qxe3+ 26. Qf2 Qxd3 27. gxh4 Kf7 28. Re1 Rg8+ 29. Kh2 Rg4 30.
Re7+ Kf8 31. f7 1-0

[Event "Early-Titled-Tuesday-Blitz-May-28-2024"]
[Site "Chess.com"]
[Date "2024.05.28"]
[Round "2"]
[White "EgorYakovlev"]
[Black "smilingice"]
[Result "0-1"]
[WhiteElo "2521"]
[BlackElo "2364"]
[TimeControl "180+1"]
[EndTime "8:18:34 PDT"]
[Termination "smilingice won by resignation"]

1. e4 c5 2. Nf3 d6 3. d4 cxd4 4.
Nxd4 Nf6 5. Nc3 a6 6. Bg5 e6 7. f4 Nbd7 8. Qf3 Qc7 9. O-O-O b5 10. g4 Bb7 11. Bxf6 Nxf6 12. g5 Nd7 13. f5 e5 14. Ne6 fxe6 15. fxe6 Nb6 16. Nd5 Nxd5 17. exd5 O-O-O 18. Bh3 Be7 19. Kb1 Rdf8 20. Qh5 g6 21. Qh4 Rf4 22. Qg3 Rhf8 23. Rhf1 Bxd5 24. Rxf4 exf4 25. Qh4 Be4 26. Rc1 h5 27. Qe1 Qc6 28. Qb4 f3 29. Qd4 Kb8 30. Qg7 Qc7 31. Qd4 d5 32.
Bf1 f2 33. h4 Qc5 34. Qe5+ Qd6 35. Qd4 Qxe6 36. a4 Kb7 37. axb5 axb5 38. Bxb5 Qb6 39. Qa4 Ra8 40. Qb3 Ra5 0-1

[Event "Early-Titled-Tuesday-Blitz-May-28-2024"]
[Site "Chess.com"]
[Date "2024.05.28"]
[Round "2"]
[White "Thjop"]
[Black "ckgchess"]
[Result "0-1"]
[WhiteElo "2600"]
[BlackElo "2903"]
[TimeControl "180+1"]
[EndTime "8:18:35 PDT"]
[Termination "ckgchess won by checkmate"]

1. e4 c5 2. Nf3 d6 3. Bb5+ Nd7 4. O-O a6 5. Bd3 e6 6. a4 g5 7. Nc3 g4 8. Ne1 Ngf6 9. Be2 h5 10. d4 cxd4 11.
Qxd4 Be7 12. Be3 Rg8 13. a5 Qc7 14. Nd3 Ne5 15. Nxe5 dxe5 16. Qb6 Qxb6 17. Bxb6 Bd7 18. Bd3 Bc6 19. Rfe1 Nd7 20. Be3 Nc5 21. Red1 O-O-O 22. Bxc5 Bxc5 23. Na4 Ba7 24. b4 h4 25. Kf1 g3 26.
hxg3 hxg3 27. fxg3 Rxg3 28. Nb6+ Kc7 29. Nc4 Bd4 30.
Rac1 Rdg8 31. c3 Ba7 32. Nxe5 Rxg2 33. Rc2 Rg1+ 34. Ke2 R1g2+ 35. Kf3 R8g3+ 36. Kf4 Be3# 0-1

[Event "Early-Titled-Tuesday-Blitz-May-28-2024"]
[Site "Chess.com"]
[Date "2024.05.28"]
[Round "2"]
[White "Iball95"]
[Black "GameOverBro"]
[Result "1-0"]
[WhiteElo "2859"]
[BlackElo "2578"]
[TimeControl "180+1"]
[EndTime "8:18:35 PDT"]
[Termination "Iball95 won on time"]

1. e4 d6 2. d4 Nf6 3. Nc3 e5 4. dxe5 dxe5 5. Qxd8+ Kxd8 6. Bg5 Be6 7. g3 h6 8. Bxf6+ gxf6 9. f4 exf4 10. gxf4 f5 11.
O-O-O+ Nd7 12. Nf3 Bd6 13. Ne5 Ke7 14. exf5 Bxf5 15.
Nd5+ Ke6 16. Bc4 Nxe5 17. Nxc7+ Ke7 18. Nd5+ Kf8 19. fxe5 Bxe5 20. Rhf1 Be6 21. Rde1 Bh3 22. Rxe5 Bxf1 23. Bxf1 Re8 24. Rf5 Rg8 25. Kd2 Rg5 26.
Ne3 Rd8+ 27. Ke2 Kg7 28. Rf4 Re8 29. Kf2 Rge5 30. Rf3 Kf8 31. Bd3 R5e6 32. Bc4 R6e7 33. Nf5 Rc7 34. Bb3 h5 35. h4 Ree7 36. Nxe7 Rxe7 37.
Rf5 Re4 38. Rxh5 Rf4+ 39. Ke3 Rf5 40. Rxf5 1-0

[Event "Early-Titled-Tuesday-Blitz-May-28-2024"]
[Site "Chess.com"]
[Date "2024.05.28"]
[Round "2"]
[White "Gryffindorac8"]
[Black "olawsson"]
[Result "1-0"]
[WhiteElo "2470"]
[BlackElo "2131"]
[TimeControl "180+1"]
[EndTime "8:18:35 PDT"]
[Termination "Gryffindorac8 won on time"]

1. d4 d6 2. e4 Nc6 3. Nf3 Nf6 4.
Bd3 Bg4 5. c3 e5 6. d5 Nb8 7. Nbd2 Be7 8. Qb3 Bc8 9. O-O O-O 10.
Qc2 Nbd7 11. b4 a5 12. a3 c6 13. Qb3 cxd5 14. exd5 Nb6 15. bxa5 Nbxd5 16. Ne4 Rxa5 17. Nxf6+ Nxf6 18. Bc2 Qc7 19. Be3 Be6 20. Qb2 Nd5 21. Bd2 Rc8 22. Bb3 Nxc3 23. Bxc3 Qxc3 24. Qxc3 Rxc3 25. Bxe6 fxe6 26. Rab1 Rc7 27. Rb3 Bf6 28. Rfb1 1-0

[Event "Early-Titled-Tuesday-Blitz-May-28-2024"]
[Site "Chess.com"]
[Date "2024.05.28"]
[Round "2"]
[White "yobdc"]
[Black "Willi_Skibbe"]
[Result "1-0"]
[WhiteElo "2512"]
[BlackElo "2275"]
[TimeControl "180+1"]
[EndTime "8:18:36 PDT"]
[Termination "yobdc won on time"]

1. e4 e5 2. Nf3 Nf6 3. d4 Nxe4 4.
Bd3 d5 5. Nxe5 Nd7 6. Nxd7 Bxd7 7. O-O Bd6 8. Nc3 Nxc3 9. bxc3 O-O 10. Qh5 f5 11. Re1 g6 12. Qf3 c6 13. Bf4 Qc7 14.
Bxd6 Qxd6 15. Re5 b5 16. Rae1 Rae8 17. h4 Qf6 18. h5 Qh4 19. hxg6 hxg6 20. g3 Qf6 21.
Kg2 Kg7 22. Qe3 f4 23. gxf4 Qh4 24. Qg3 Qf6 25. Qg5 Qxg5+ 26. fxg5 Rxe5 27. Rxe5 Rf4 28. Re7+ Rf7 29. Rxf7+ Kxf7 30. Kf3 Be6 31. Kf4 Bh3 32.
Ke5 1-0

[Event "Early-Titled-Tuesday-Blitz-May-28-2024"]
[Site "Chess.com"]
[Date "2024.05.28"]
[Round "2"]
[White "Connectedcloud"]
[Black "IamSchrodingersCat"]
[Result "0-1"]
[WhiteElo "2199"]
[BlackElo "2661"]
[TimeControl "180+1"]
[EndTime "8:18:37 PDT"]
[Termination "IamSchrodingersCat won by resignation"]

1. e4 c5 2. Nf3 d6 3. d4 cxd4 4.
Nxd4 Nf6 5. Nc3 g6 6. Be3 Bg7 7. f3 O-O 8. Qd2 Nc6 9. O-O-O d5 10. exd5 Nxd5 11. Nxc6 bxc6 12. Bd4 Bxd4 13. Qxd4 Qb6 14. Qc4 Ne3 15. Qh4 Nxd1 16. Nxd1 Be6 17. Bd3 Rfd8 18. Qxe7 Bxa2 19. h4 Re8 20. Qa3 Bd5 21. h5 Qd4 22. hxg6 hxg6 23. Qd6 Rad8 24. Qh2 Qg7 25. Qc7 Qf6 26.
Qh2 a5 27. Qh7+ Kf8 28. Qh6+ Qg7 29. Qf4 Kg8 30. Ne3 Be6 31. g4 a4 32. Kb1 a3 33. c3 Rxd3 34. Nf5 gxf5 35. gxf5 axb2 36. f6 Qg6 37. Qh4 Rd1+ 38. Kxb2 Rxh1 39. Qxh1 Qxf6 0-1

[Event "Early-Titled-Tuesday-Blitz-May-28-2024"]
[Site "Chess.com"]
[Date "2024.05.28"]
[Round "2"]
[White "NCchamp"]
[Black "Aggressus"]
[Result "1-0"]
[WhiteElo "2343"]
[BlackElo "2527"]
[TimeControl "180+1"]
[EndTime "8:18:37 PDT"]
[Termination "NCchamp won on time"]

1. d4 g6 2. e4 Bg7 3. c3 a6 4. Bd3 d6 5. f4 Nc6 6. Nf3 e5 7. d5 Nce7 8. h3 exf4 9. Bxf4 Nf6 10.
Nbd2 c5 11. a4 O-O 12. Nc4 Ne8 13. O-O b6 14. Qd2 Rb8 15. Bc2 b5 16. Ne3 Bd7 17. e5 Nc8 18. e6 fxe6 19. dxe6 Bxe6 20. Ng5 Bf7 21. Ng4 Nc7 22. Be4 Bc4 23. Rfd1 h6 24. Nf3 g5 25. Bg3 Re8 26. Qc2 d5 27. Bh7+ Kh8 28.
b3 Nd6 29. bxc4 bxc4 30. Nfe5 Qc8 31. Ng6+ Kxh7 32. Ne7+ Ne4 33. Nxc8 Rbxc8 34. Bxc7 Rxc7 35. Rxd5 Bxc3 36. Rf1 Bd4+ 37. Kh1 1-0

[Event "Early-Titled-Tuesday-Blitz-May-28-2024"]
[Site "Chess.com"]
[Date "2024.05.28"]
[Round "2"]
[White "enriquebutti"]
[Black "ubdip"]
[Result "1/2-1/2"]
[WhiteElo "2093"]
[BlackElo "2449"]
[TimeControl "180+1"]
[EndTime "8:18:37 PDT"]
[Termination "Game drawn by repetition"]

1. e4 c5 2. Nf3 Nc6 3. d4 cxd4 4. Nxd4 Qb6 5. Nb3 Nf6 6. Nc3 e6 7. a3 a6 8. Bf4 e5 9. Bg5 d6 10.
Bxf6 gxf6 11. Nd5 Qd8 12. Bd3 Bg7 13. O-O Be6 14. Nd2 f5 15. Qh5 f4 16. g3 Ne7 17. Qg5 Rg8 18. Nf6+ Bxf6 19. Qxf6 h5 20. Bc4 Ng6 21. Qxd8+ Rxd8 22. Bxe6 fxe6 23. Nc4 d5 24. exd5 exd5 25. Nxe5 Nxe5 26. Rfe1 Rg5 27. h4 Rf5 28. gxf4 Kf7 29. Rxe5 Rg8+ 30. Kf1 Rxf4 31. Rxh5 d4 32. Rd1 Rc8 33. Rd2 Kf6 34. Rh7 b5 35. Ra7 Kf5 36.
Rxa6 Rxh4 37. Rd6 Re8 38. Kg2 Rg4+ 39. Kf1 Rh4 40. Kg2 Rg4+ 41. Kf1 Rh4 1/2-1/2